 Dungeon Crawl Stone Soup version 0.31-a0-214-gb37851dbb3 (webtiles) character file.

Game seed: 11836709540232729756

73 qw the Shooter (level 4, -1/26 HPs)
             Began as a Gargoyle Hexslinger on July 1, 2023.
             Slain by a gnoll
             ... wielding a +0 spear
             ... led by a gnoll bouda
              (6 damage)
             ... on level 2 of the Dungeon.
             The game lasted 00:00:33 (1411 turns).

qw the Shooter (Gargoyle Hexslinger)                Turns: 1411, Time: 00:00:34

Health: -1/26      AC: 10    Str: 12    XL:     4   Next: 27%
Magic:  5/5        EV: 10    Int: 13    God:
Gold:   91         SH:  0    Dex: 14    Spells: 4/5 levels left

rFire   . . .        Y - +1 sling
rCold   . . .        (no shield)
rNeg    + . .        d - +0 ring mail
rPois   inf          (no helmet)
rElec   +            e - +0 cloak
rCorr   .            (no gloves)
SInv    .            j - +0 pair of boots
Will    .....        (no amulet)
Stlth   +            (no ring)
HPRegen 0.24/turn    (no ring)
MPRegen 0.09/turn

%: no passive effects
@: no status effects
A: sickness immunity, AC +3, negative energy resistance 1, electricity
resistance, torment resistance 1, petrification resistance
a: no special abilities


You were on level 2 of the Dungeon.
You visited 1 branch of the dungeon, and saw 2 of its levels.

You collected 91 gold pieces.


Innate Abilities, Weirdness & Mutations

You are immune to sickness and miasma.
Your stone body is resilient. (AC +3)
You are immune to poison.
You resist negative energy. (rN+)
You are resistant to electric shocks. (rElec)
You are resistant to unholy torment.
You are immune to petrification.


   Skills:
 - Level 2.0 Fighting
 + Level 3.9 Ranged Weapons
 - Level 1.0 Armour
 - Level 1.5 Dodging
 - Level 1.0 Spellcasting
 - Level 2.6 Hexes


You had 4 spell levels left.
You knew the following spells:

 Your Spells              Type           Power      Damage    Failure   Level
a - Slow                  Hex            28%        N/A       22%         1

Your spell library contained the following spells:

 Spells                   Type           Power      Damage    Failure   Level
 Inner Flame              Hex/Fire       4%         N/A       73%         3
 Portal Projectile        Hex/Tloc       8%         N/A       73%         3
 Cause Fear               Hex            3%         N/A       91%         4

Inventory:

Hand Weapons
 Y - a +1 sling (weapon)
Armour
 b - a +2 helmet
 d - a +0 ring mail (worn)
 e - a +0 cloak (worn)
 j - a +0 pair of boots (worn)
Jewellery
 i - a ring of fire
Scrolls
 c - a scroll of teleportation {unknown}
 k - a scroll of amnesia {unknown}
Potions
 a - a potion of degeneration {unknown}
 f - a potion of curing {unknown}
 g - a potion of enlightenment {unknown}
 h - a potion of might {unknown}

Dungeon Overview and Level Annotations

Branches:
Dungeon (2/15)

Altars:


Message History

The gnoll hits you but does no damage.
You shoot a sling bullet. The sling bullet hits the gnoll.
The gnoll is heavily wounded.
The gnoll hits you with a +0 club.
The gnoll hits you but does no damage. x2
A worm comes into view.
The gnoll hits you from afar with a +0 spear.
The gnoll hits you but does no damage.
You shoot a sling bullet. The sling bullet hits the gnoll.
The gnoll is heavily wounded.
The gnoll barely misses you. The gnoll hits you but does no damage.
The gnoll hits you with a +0 club. The gnoll hits you but does no damage.
You shoot a sling bullet.
The sling bullet closely misses the gnoll.
The gnoll hits you with a +0 club. The gnoll completely misses you.
A gnoll bouda comes into view. It is wielding a +0 club.
You shoot a sling bullet.
The sling bullet closely misses the gnoll.
The gnoll hits you but does no damage. x2; The gnoll hits you with a +0 club.
The gnoll hits you but does no damage.
You shoot a sling bullet. The sling bullet hits the gnoll!
You kill the gnoll!
The gnoll bouda calls upon its god to heal something.
The gnoll hits you from afar with a +0 spear.
The gnoll bouda barks out a call to the hunt!
The gnolls pick up the pace!
You shoot a sling bullet.
The sling bullet closely misses the gnoll.
The gnoll closely misses you. The gnoll hits you but does no damage.
The gnoll bouda barks out a call to the hunt!
You shoot a sling bullet.
The sling bullet barely misses the gnoll.
A bat comes into view.
The gnoll barely misses you. The gnoll misses you.
The gnoll hits you with a +0 spear. The gnoll hits you but does no damage.
The bat moves out of view.
You shoot a sling bullet. The sling bullet hits the gnoll.
The gnoll is moderately wounded.
The gnoll barely misses you.
The gnoll hits you from afar with a +0 spear.
You die...

#...####...# #.#
##........## #.#
#.....####.## #.# #
#.##.## #.# #.#### #
#.## #.# #..... ..#
##.#########...## #.#
##...............# #?
##.........##...).. #
#.@gw......##.....#
......b#g........)....##
...###g.....)...##.##.#
# ##g#.......##.##.##
#g#.......##.#...#
#g#####.####...... g$
.##....>..# ..
##.##.#.## ~.. #.#......


You could see a gnoll bouda, a worm, 2 gnolls and a bat (wandering).

Vanquished Creatures
  A gnoll (D:2)
  2 adders (D:2)
  A worm (D:2)
  5 bats
  3 endoplasms
  A giant cockroach (D:1)
  8 goblins
  5 hobgoblins
  2 jackals (D:1)
  3 quokkas (D:1)
  4 ball pythons (D:1)
  2 kobolds (D:2)
  3 rats
40 creatures vanquished.

Notes
Turn   | Place    | Note
-------+----------+-------------------------------------------
     0 | D:1      | qw the Gargoyle Hexslinger began the quest for the Orb.
     0 | D:1      | Reached XP level 1. HP: 12/12 MP: 2/2
     0 | D:1      | 0 ||| qw: Version: 0.3-a-32-g5962c71
     0 | D:1      | 0 ||| qw: Game counter: 7395
     0 | D:1      | 0 ||| qw: Melee chars always use a shield: true
     0 | D:1      | 0 ||| qw: God list: Okawaru
     0 | D:1      | 0 ||| qw: Allow faded altars: false
     0 | D:1      | 0 ||| qw: Do Orc after clearing Dungeon:15 true
     0 | D:1      | 0 ||| qw: Do second Lair branch before Depths: true
     0 | D:1      | 0 ||| qw: Lair rune preference: random
     0 | D:1      | 0 ||| qw: Goals: Normal
     0 | D:1      | 0 ||| PLANNING D:1-11
    86 | D:1      | Reached XP level 2. HP: 16/16 MP: 3/3
   434 | D:1      | Reached skill level 3 in Ranged Weapons
   484 | D:1      | HP: 4/16 [jackal (2)]
   623 | D:1      | Reached XP level 3. HP: 21/21 MP: 4/4
   917 | D:1      | 917 ||| UPGRADING to +0 ring mail.
   927 | D:1      | 927 ||| DROPPING +0 robe.
   928 | D:1      | 928 ||| UPGRADING to +0 cloak.
   933 | D:1      | 933 ||| UPGRADING to +0 pair of boots.
   938 | D:1      | 938 ||| READING scroll labelled TEROMI ZEEREE.
   939 | D:1      | 939 ||| DRINKING 2 murky sapphire potions.
   940 | D:1      | 940 ||| DROPPING scroll of poison.
   941 | D:1      | 941 ||| DROPPING potion of brilliance.
  1063 | D:2      | Reached skill level 1 in Armour
  1285 | D:2      | Reached XP level 4. HP: 22/26 MP: 5/5
  1397 | D:2      | 1397 ||| Stepping ~*~*~tactically~*~*~ (outnumbered).
  1399 | D:2      | 1399 ||| Stepping ~*~*~tactically~*~*~ (outnumbered).
  1401 | D:2      | 1401 ||| Stepping ~*~*~tactically~*~*~ (outnumbered).
  1410 | D:2      | HP: 5/26 [gnoll/+0 spear[a gnoll bouda] (3)]
  1411 | D:2      | Slain by a gnoll

Levels and vault maps discovered:
D:1:      noname_arrival_rooms_in_the_neighbourhood, layout_basic
D:2:      layout_loops_ring, minivault_23, moated_statue

Skill      XL: |  1  2  3 |
---------------+----------+-----
Ranged Weapons | 3 |  3.9
Fighting       | 2 |  2.0
Armour         | 1 |  1.0
Dodging        | |  1.5
Spellcasting   | |  1.0
Hexes          | |  2.6

Action                     |  1- 3 |  4- 6 || total
---------------------------+-------+-------++-------
   Fire: Sling             |   125 |    14 ||   139
    Use: Scroll            |     1 |       ||     1
         Potion            |     1 |       ||     1
 Armour: Robe              |    15 |       ||    15
         Ring mail         |    14 |    13 ||    27
  Dodge: Dodged            |    40 |     6 ||    46

Table legend:
 A = Non-vault XP
 B = Vault XP
 C = Vault XP percentage of total XP
 D = Non-vault monster count
 E = Vault monster count
 F = Vault count percentage of total count
                 A         B        C        D         E       F
            +---------+---------+-------+---------+---------+-------
      Total |     105 |       0 |   0.0 |      40 |       0 |   0.0
            +---------+---------+-------+---------+---------+-------
        D:1 |      41 |       0 |   0.0 |      24 |       0 |   0.0
        D:2 |      64 |       0 |   0.0 |      16 |       0 |   0.0
            +---------+---------+-------+---------+---------+-------
